 Dungeon Crawl Stone Soup version 0.21-a0-207-g4a9efaf (webtiles) character file.

185242 namelastname112 the Lord of Darkness (level 18, -10/96 HPs)
             Began as a Tengu Assassin on Aug 20, 2017.
             Was the Champion of Kikubaaqudgha.
             Killed from afar by a nagaraja (21 damage)
             ... with a poison arrow
             ... on level 4 of the Snake Pit.
             The game lasted 01:26:39 (38378 turns).

namelastname112 the Lord of Darkness (TeAs)        Turns: 38378, Time: 01:26:40

Health: -10/96     AC: 17    Str: 16    XL:     18   Next: 3%
Magic:  1/36       EV: 21    Int: 21    God:    Kikubaaqudgha [******]
Gold:   2927       SH: 16    Dex: 17    Spells: 7/43 levels left

rFire    + . .     SeeInvis +   z - +1 dagger (pain)
rCold    + . .     Gourm    .   F - +2 buckler {rC+ rF+}
rNeg     + . .     Faith    .   n - +2 ring mail of Aproycos {Int+7 Dex-2}
rPois    .         Spirit   .   m - +1 hat
rElec    +         Reflect  +   f - +2 cloak
rCorr    .         Harm     .   L - +0 pair of gloves
MR       +....     Clarity  +   (boots unavailable)
Stlth    +++.......             X - brooch of Shielding {Reflect SH+8}
HPRegen  1.26/turn              G - ring "Mobli" {*Contam +Blink Str+2 Stlth-}
MPRegen  0.25/turn              Z - ring "Nupaod" {rElec rN+ SInv}

@: lethally poisoned (-10 -> -42), flying quickly and evasively, regenerating,
quick
A: beak, talons 3, molten scales 1, clarity, frail 1, subdued magic 1, able to
fly 2
}: 1/15 runes: decaying
a: Stop Flying, Receive Corpses, Torment, Renounce Religion, Evoke Blink


You were on level 4 of the Snake Pit.
You worshipped Kikubaaqudgha.
Kikubaaqudgha was exalted by your worship.
You were hungry.

You visited 6 branches of the dungeon, and saw 32 of its levels.
You also visited: Ice Cave.

You collected 3829 gold pieces.
You spent 902 gold pieces at shops.

Inventory:

Hand Weapons
 z - a +1 dagger of pain (weapon)
 H - a +4 dagger of draining
Armour
 f - a +2 cloak (worn)
 m - a +1 hat (worn)
 n - the +2 ring mail of Aproycos (worn) {Int+7 Dex-2}
   (You took it off an orc on level 12 of the Dungeon)

   It affects your intelligence (+7).
   It affects your dexterity (-2).
 F - a +2 buckler of resistance (worn)
 L - a +0 pair of gloves (worn)
Magical Staves
 S - an uncursed staff of wizardry
Jewellery
 G - the ring "Mobli" (left hand) {*Contam +Blink Str+2 Stlth-}
   (You found it on level 12 of the Dungeon)

   [ring of loudness]

   It affects your strength (+2).
   It lets you blink.
   It causes magical contamination when unequipped.
   It makes you less stealthy.
 W - the ring of Esynih {rF+ Stlth+}
   (You found it on level 14 of the Dungeon)

   [ring of protection from fire]

   It protects you from fire.
   It makes you more stealthy.
 X - the brooch of Shielding (around neck) {Reflect SH+8}
   (You found it on level 11 of the Dungeon)

   [amulet of reflection]

   It shields you and reflects attacks.
   It affects your SH (+8).
 Z - the ring "Nupaod" (right hand) {rElec rN+ SInv}
   (You found it on level 3 of the Snake Pit)

   [ring of see invisible]

   It insulates you from electricity.
   It protects you from negative energy.
   It lets you see invisible.
Wands
 e - a wand of acid (11/15)
 t - a wand of iceblast (6/15)
 u - a wand of acid (0/15)
 y - a wand of iceblast (0/15)
 C - a wand of clouds (3/9)
 D - a wand of iceblast (2/15)
 N - a wand of disintegration (12/24)
 Q - a wand of iceblast (7/15)
Scrolls
 i - 2 scrolls of fear
 k - 3 scrolls of recharging
 o - 10 scrolls of remove curse
 r - 3 scrolls of identify
 s - 6 scrolls of teleportation
 x - 4 scrolls of amnesia
 A - 3 scrolls of fog
 E - 2 scrolls of magic mapping
 K - a scroll of blinking
 O - 2 scrolls of torment
 P - 8 scrolls of enchant weapon
 R - a scroll of summoning
 T - 8 scrolls of enchant armour
 V - a scroll of brand weapon
 Y - a scroll of silence
Potions
 b - a potion of magic
 d - 2 potions of invisibility
 j - 2 potions of resistance
 l - 8 potions of curing
 p - 6 potions of haste
 v - 2 potions of berserk rage
 w - a potion of heal wounds
 B - 4 potions of brilliance
 J - 3 potions of ambrosia
 M - 3 potions of agility
Books
 a - a Necronomicon

   Spells                             Type                      Level
   a - Haunt                          Necromancy/Summoning         7
   b - Borgnjor's Revivification      Necromancy                   8
   c - Death's Door                   Charms/Necromancy            8
   d - Infestation                    Necromancy                   8
   e - Necromutation                  Transmutation/Necromancy     8
Comestibles
 g - 18 bread rations
 h - 34 fruits
 q - 2 meat rations
 I - 10 royal jellies
 U - a chunk of flesh


   Skills:
 - Level 10.0 Fighting
 - Level 12.0 Short Blades
 - Level 5.9 Throwing
 - Level 10.5 Armour
 - Level 10.2 Dodging
 - Level 10.1 Stealth
 - Level 8.3 Shields
 + Level 13.3 Spellcasting
 * Level 17.9 Necromancy
 - Level 3.4 Evocations


You had 7 spell levels left.
You knew the following spells:

 Your Spells              Type           Power        Failure   Level  Hunger
a - Animate Skeleton      Necr           N/A          0%          1    None
b - Animate Dead          Necr           N/A          1%          4    None
c - Dispel Undead         Necr           ######..     1%          5    ###....
d - Regeneration          Chrm/Necr      #####.....   1%          3    None
e - Haunt                 Necr/Summ      #####.....   82%         7    ######.
f - Bolt of Draining      Conj/Necr      #####.....   4%          5    ###....
s - Infestation           Necr           ######....   26%         8    #######
x - Vampiric Draining     Necr           ######....   0%          3    None


Dungeon Overview and Level Annotations

Branches:
Dungeon (15/15)            Temple (1/1) D:7            Lair (6/6) D:10
  Swamp (4/4) Lair:4        Snake (4/4) Lair:2        Slime (0/5) Lair:6
    Orc (2/2) D:10            Elf (0/3) Orc:2        Vaults (0/5) D:14
 Depths (0/5) D:15

Altars:
Ashenzari
Cheibriados
Dithmenos
Elyvilon
Fedhas
Gozag
Hepliaklqana
Kikubaaqudgha
Makhleb
Nemelex Xobeh
Okawaru
Qazlal
Ru
Sif Muna
Trog
Uskayaw
Vehumet
Wu Jian
Xom
Yredelemnul
Zin
The Shining One
Beogh

Shops:
D:7 =   D:15 ?   Orc:2 :*[(   Snake:2 =}}   Snake:3 ?   Snake:4 !

Annotations:
Swamp:3 Bai Suzhen
Snake:1 exclusion: Roxanne, Roxanne
Snake:2 Vashnia


Innate Abilities, Weirdness & Mutations

You have a beak for a mouth.
You have claws for feet.
You can fly continuously.
You are partially covered in molten scales. (AC +2)
You possess an exceptional clarity of mind.
You are frail. (-10% HP)
Your spells are a little easier to cast, but a little less powerful.


Message History

* * * LOW HITPOINT WARNING * * *
You take 14 damage, and have 9/96 hp.
You now have 1/36 mp.
You feel much better.
You feel very sick.
The nagaraja points at you and mumbles some strange words.
The orb of energy hits you!
* * * LOW HITPOINT WARNING * * *
The orb of energy explodes!
You hear a shout!
You take 8 damage, and have 1/96 hp.
You feel much better.
You feel very sick. The nagaraja hits you!
* * * LOW HITPOINT WARNING * * *
You block the nagaraja's attack.
The nagaraja points at you and mumbles some strange words.
The poison arrow hits you!
You are more poisoned.
You die...
Kikubaaqudgha rasps: "You have failed me!
Welcome... death!"

#....[. ### ...... ### ...NN
#.. ##'#N## #.. ###...ZN###
#.. #...≈≈NZ.)#### ######.
.#..≈≈≈.)#.#.# ###...... #
#..≈≈≈(.#)#.######...###..
#.#..≈≈≈..#@#...Z...........
#...N≈≈NNN#######..########
###.....### #...## ##'''##
##...# ###.....# #....#
#####Z.....## ###[...#
#s)..)##########......##
###Z###.....##.....##....#
#.#.# ##....##....###....#


You could see a nagaraja, 2 naga magi and a naga.

Vanquished Creatures
  Rupert (Orc:2)
  A nagaraja (Snake:3)
  An orc warlord (Orc:1)
  4 fire dragons
  An ice dragon (D:11)
  A yaktaur captain (D:15)
  Josephine (D:15)
  8 naga warriors
  3 anacondas
  A catoblepas (Lair:5)
  A ghost crab (Swamp:2)
  21 hydras
  An ogre mage (D:14)
  7 alligators
  3 death yaks (Lair:5)
  4 centaur warriors
  7 two-headed ogres
  A tengu warrior (D:11)
  4 orc high priests
  A spriggan berserker (Swamp:4)
  Nergalle (D:11)
  4 naga sharpshooters
  5 shock serpents
  A salamander mystic (Snake:2)
  9 hell knights (D:13)
  A skeletal warrior (D:14)
  A spriggan druid (Swamp:3)
  An unseen horror (D:13)
  3 swamp dragons
  A shambling mangrove (Swamp:4)
  A deep elf mage (D:14)
  5 orc knights
  4 mana vipers
  3 wolf spider zombies
  2 lindwurms (Lair:6)
  9 ugly things
  3 orc sorcerers (Orc:2)
  4 cyclopes
  9 salamanders
  An elephant (Lair:2)
  6 naga magi
  18 black mambas
  12 spiny frogs
  7 guardian serpents
  5 torpor snails (Lair:6)
  3 centaur zombies
  5 rime drakes
  A gargoyle (D:13)
  8 komodo dragons
  A yaktaur (D:15)
  8 trolls
  A polar bear (Lair:4)
  6 blink frogs
  9 tyrant leeches
  26 slime creatures
  Grinder (D:5)
  13 hornets
  6 bog bodies
  7 dream sheep
  6 hippogriffs
  7 spriggans
  2 wyverns
  A centaur simulacrum (D:15)
  8 wraiths
  42 yaks
  A vampire (D:11)
  16 vampire mosquitoes
  4 basilisks
  14 nagas
  8 insubstantial wisps (Swamp:1)
  2 wargs (Orc:2)
  12 swamp worms
  2 acid dragons
  A soldier ant (D:15)
  7 hell hounds (D:13)
  7 porcupines
  12 water moccasins
  3 black bears
  12 swamp drakes
  4 phantoms
  4 ice beasts
  31 orc warriors
  4 sky beasts
  A necrophage (D:14)
  11 ogres
  4 wolves (Lair:4)
  10 centaurs
  11 crocodiles
  13 bullfrogs
  3 wyvern zombies
  2 wyvern skeletons
  A water moccasin skeleton (D:11)
  6 scorpions
  8 killer bees
  11 wights
  9 howler monkeys
  An electric eel (Lair:2)
  3 bullfrog zombies
  9 crimson imps
  2 jellies
  10 centaur skeletons
  4 hounds
  5 bullfrog skeletons
  A gnoll shaman (D:4)
  17 orc priests
  25 orc wizards
  A hell rat (Lair:5)
  6 iguanas
  11 worker ants
  A hound zombie (D:6)
  3 hound skeletons
  A worker ant zombie (D:5)
  11 gnolls
  19 adders
  A river rat (D:6)
  5 shadow imps
  12 white imps (D:12)
  An ooze (D:4)
  3 adder skeletons
  2 adder zombies
  A worm (D:4)
  3 dart slugs
  6 leopard geckos
  84 orcs
  A ball python (D:2)
  5 bats
  8 giant cockroaches
  3 goblins
  3 hobgoblins
  4 jackals (D:6)
  6 kobolds
  3 quokkas
  A ball python skeleton (D:6)
  5 frilled lizards
  A leopard gecko skeleton (D:5)
  A quokka skeleton (D:5)
  A quokka zombie (D:6)
  4 rats
  3 plants
880 creatures vanquished.

Vanquished Creatures (collateral kills)
  3 thorn hunters
  3 naga warriors
  5 hydras
  An alligator (Swamp:4)
  3 death yaks (Lair:5)
  6 anacondas
  2 naga sharpshooters (Snake:3)
  A salamander mystic (Snake:2)
  2 sea snakes (Snake:4)
  A naga ritualist (Snake:1)
  4 swamp dragons
  2 mana vipers
  2 ugly things (D:14)
  A cyclops (D:13)
  2 salamanders (Snake:3)
  4 black mambas
  5 guardian serpents
  8 naga magi
  A spiny frog (Lair:6)
  A centaur skeleton (D:13)
  3 komodo dragons
  3 hornets
  2 tyrant leeches
  6 slime creatures
  A dream sheep (Lair:4)
  2 blink frogs
  2 spriggans
  3 yaks
  A basilisk (Lair:6)
  A wyvern (Lair:5)
  2 vampire mosquitoes (Swamp:3)
  A warg (Orc:2)
  16 nagas
  6 insubstantial wisps
  3 acid dragons (Lair:6)
  2 swamp worms
  A water moccasin (Lair:4)
  4 swamp drakes
  5 orc warriors
  2 wolves (Lair:4)
  2 crocodiles (Lair:6)
  A bullfrog (D:13)
  2 orc priests (Orc:2)
  3 orc wizards
  10 orcs (Orc:2)
  A briar patch (Swamp:4)
  4 fungi
  10 plants
156 creatures vanquished.

Vanquished Creatures (others)
  A naga sharpshooter (Snake:2)
  A spriggan druid (Swamp:3)
  A centaur (D:12)
  A crocodile (Lair:6)
  An orc priest (D:12)
  An orc wizard (D:7)
  4 briar patches (Swamp:3)
  16 fungi
  20 plants
46 creatures vanquished.

Grand Total: 1082 creatures vanquished

Notes
Turn   | Place    | Note
-------+----------+-------------------------------------------
     0 | D:1      | namelastname112 the Tengu Assassin began the quest for the Orb.
     0 | D:1      | Reached XP level 1. HP: 12/12 MP: 2/2
   384 | D:1      | Reached XP level 2. HP: 17/17 MP: 0/3
   728 | D:2      | Reached XP level 3. HP: 20/21 MP: 4/4
   945 | D:2      | Reached XP level 4. HP: 21/26 MP: 5/5
  1556 | D:2      | Reached skill level 5 in Stealth
  1907 | D:3      | Gained mutation: You can fly. [Tengu growth]
  1907 | D:3      | Reached XP level 5. HP: 27/30 MP: 6/6
  2946 | D:4      | Reached XP level 6. HP: 32/36 MP: 7/7
  3750 | D:4      | Reached skill level 1 in Armour
  3750 | D:4      | Reached XP level 7. HP: 41/41 MP: 8/8
  4339 | D:4      | Reached skill level 5 in Short Blades
  4411 | D:4      | Reached XP level 8. HP: 46/46 MP: 9/9
  4545 | D:5      | Entered Level 5 of the Dungeon
  5175 | D:5      | Noticed Grinder
  5179 | D:5      | Paralysed by Grinder for 4 turns
  5185 | D:5      | Killed Grinder
  5469 | D:5      | Found a burning altar of Makhleb.
  5537 | D:6      | Reached skill level 1 in Evocations
  5683 | D:6      | Reached XP level 9. HP: 39/52 MP: 10/10
  5861 | D:6      | Found an opulent altar of Gozag.
  6491 | D:7      | Found Davin's Jewellery Emporium.
  6536 | D:7      | Found a bloodstained altar of Trog.
  6739 | D:7      | Found a staircase to the Ecumenical Temple.
  6752 | Temple   | Entered the Ecumenical Temple
  7389 | D:7      | Reached skill level 5 in Fighting
  7907 | D:8      | Reached skill level 5 in Throwing
  7907 | D:8      | Reached XP level 10. HP: 43/59 MP: 10/13
  8190 | D:8      | Found a shattered altar of Ashenzari.
  8208 | D:8      | Noticed a two-headed ogre
  8306 | D:8      | Killed a two-headed ogre
  9059 | D:9      | Reached skill level 5 in Dodging
  9246 | D:9      | Found an ancient bone altar of Kikubaaqudgha.
  9338 | D:9      | Became a worshipper of Kikubaaqudgha
  9349 | D:9      | Found a white marble altar of Elyvilon.
  9355 | D:9      | Found a sacrificial altar of Ru.
  9594 | D:9      | Reached skill level 5 in Armour
  9594 | D:9      | Reached skill level 1 in Spellcasting
  9594 | D:9      | Reached skill level 1 in Necromancy
  9756 | D:9      | Gained mutation: You are weak. (Str -2) [potion of mutation]
  9756 | D:9      | Gained mutation: You have a pair of small antennae on your head. [potion of mutation]
  9757 | D:9      | Lost mutation: You are weak. (Str -2) [potion of mutation]
  9757 | D:9      | Lost mutation: You have a pair of small antennae on your head. [potion of mutation]
  9757 | D:9      | Gained mutation: You are partially covered in molten scales. (AC +2) [potion of mutation]
  9757 | D:9      | Gained mutation: You possess an exceptional clarity of mind. [potion of mutation]
  9759 | D:10     | Entered Level 10 of the Dungeon
  9788 | D:10     | Found a staircase to the Orcish Mines.
  9824 | D:10     | Reached skill level 2 in Necromancy
 10112 | D:10     | Learned a level 1 spell: Animate Skeleton
 10116 | D:10     | Learned a level 3 spell: Regeneration
 10181 | D:10     | Found a staircase to the Lair.
 10471 | D:10     | Reached * piety under Kikubaaqudgha
 10471 | D:10     | Identified Kikubaaqudgha's Guide on Darkness (Kikubaaqudgha gifted it to you on level 10 of the Dungeon)
 10471 | D:10     | Received a gift from Kikubaaqudgha
 10852 | D:9      | Reached skill level 3 in Necromancy
 10852 | D:9      | Reached XP level 11. HP: 60/64 MP: 15/15
 11282 | D:10     | Reached skill level 10 in Stealth
 11760 | D:10     | Learned a level 3 spell: Vampiric Draining
 11811 | D:11     | Noticed Nergalle
 11816 | D:11     | Killed Nergalle
 11816 | D:11     | Reached skill level 4 in Necromancy
 11928 | D:11     | Noticed an ice dragon
 11935 | D:11     | Killed an ice dragon
 11942 | D:11     | Noticed a tengu warrior
 11946 | D:11     | Killed a tengu warrior
 12072 | D:11     | Noticed a two-headed ogre
 12074 | D:11     | Reached skill level 5 in Necromancy
 12077 | D:11     | Killed a two-headed ogre
 12176 | D:11     | Reached ** piety under Kikubaaqudgha
 12270 | D:11     | Found the brooch of Shielding {Reflect SH+8}
 12463 | D:12     | Found a frozen archway.
 12487 | IceCv    | Entered an ice cave
 12827 | D:12     | Found a hide-covered altar of Uskayaw.
 12848 | D:12     | Reached XP level 12. HP: 68/71 MP: 20/20
 13019 | D:12     | Reached skill level 5 in Spellcasting
 13019 | D:12     | Reached skill level 6 in Necromancy
 13304 | D:12     | Found a white marble altar of Elyvilon.
 13341 | D:12     | Found a transporter.
 13347 | D:12     | Noticed a two-headed ogre
 13965 | D:13     | Found the +0 Maxwell's etheric cage {RegenMP+ *Contam rElec MP+4}
 13965 | D:13     | Noticed a two-headed ogre
 13998 | D:13     | Killed a two-headed ogre
 13998 | D:13     | Reached *** piety under Kikubaaqudgha
 13998 | D:13     | Identified Kikubaaqudgha's Almanac of Necromancy (Kikubaaqudgha gifted it to you on level 13 of the Dungeon)
 13998 | D:13     | Received a gift from Kikubaaqudgha
 14135 | D:13     | Learned a level 4 spell: Animate Dead
 14141 | D:13     | Learned a level 5 spell: Dispel Undead
 14391 | D:13     | Reached skill level 7 in Necromancy
 14599 | D:13     | Noticed a four-headed hydra
 14607 | D:13     | Killed a four-headed hydra
 14890 | D:14     | Found a hazy altar of Hepliaklqana.
 14934 | D:14     | Got a vibrating bronze ring
 14936 | D:14     | Identified the ring of Esynih {rF+ Stlth+} (You found it on level 14 of the Dungeon)
 15025 | D:14     | Noticed a centaur warrior
 15033 | D:14     | Killed a centaur warrior
 15033 | D:14     | Reached skill level 10 in Short Blades
 15140 | D:14     | Reached skill level 8 in Necromancy
 15170 | D:14     | Reached **** piety under Kikubaaqudgha
 15196 | D:14     | Reached skill level 1 in Shields
 15200 | D:14     | Reached XP level 13. HP: 76/76 MP: 22/24
 15220 | D:14     | Found a gate to the Vaults.
 15920 | D:14     | Reached skill level 9 in Necromancy
 16342 | D:14     | Noticed a fire dragon
 16593 | D:13     | Reached ***** piety under Kikubaaqudgha
 16986 | D:12     | Found a roughly hewn altar of Beogh.
 16994 | D:12     | Found a transporter.
 17091 | D:12     | Reached skill level 5 in Shields
 17118 | D:12     | Got a dazzling ring mail
 17128 | D:12     | Got a shimmering golden ring
 17145 | D:12     | Identified the +2 ring mail of Aproycos {Int+7 Dex-2} (You took it off an orc on level 12 of the Dungeon)
 17177 | D:12     | Identified the ring "Mobli" {*Contam +Blink Str+2 Stlth-} (You found it on level 12 of the Dungeon)
 17235 | Lair:1   | Entered Level 1 of the Lair of Beasts
 18645 | Lair:2   | Gained mutation: You can fly continuously. [Tengu growth]
 18645 | Lair:2   | Reached XP level 14. HP: 81/84 MP: 27/27
 19120 | Lair:2   | Reached skill level 10 in Necromancy
 19187 | Lair:2   | Found a staircase to the Snake Pit.
 20595 | Lair:4   | Found a staircase to the Swamp.
 21585 | Lair:5   | Reached ****** piety under Kikubaaqudgha
 21814 | Lair:5   | Reached skill level 11 in Necromancy
 22060 | Lair:6   | Entered Level 6 of the Lair of Beasts
 22095 | Lair:6   | Found an iron altar of Okawaru.
 22350 | Lair:6   | Got an ichor-stained scale mail
 22386 | Lair:6   | Identified the +4 scale mail of Vow Emn {*Contam +Fly rF++ MR+} (You found it on level 6 of the Lair of Beasts)
 22733 | Lair:6   | Gained mutation: You are frail. (-10% HP) [mutagenic glow]
 22928 | Lair:6   | Reached XP level 15. HP: 74/81 MP: 29/29
 23119 | Lair:6   | Found a staircase to the Slime Pits.
 23343 | Lair:6   | Found a runed door.
 23856 | D:10     | Reached skill level 10 in Spellcasting
 23874 | Orc:1    | Entered Level 1 of the Orcish Mines
 24268 | Orc:2    | Entered Level 2 of the Orcish Mines
 24792 | Orc:2    | Noticed Rupert
 24957 | Orc:2    | Reached skill level 10 in Armour
 24997 | Orc:2    | Noticed an orc warlord
 25507 | Orc:1    | Killed an orc warlord
 25647 | Orc:2    | Found a roughly hewn altar of Beogh.
 25915 | Orc:2    | Paralysed by Rupert for 7 turns
 26109 | Orc:2    | epen: За голубя играешь
 26136 | Orc:2    | namelastname112: лол
 26136 | Orc:2    | namelastname112: птицелюд
 26312 | Orc:1    | epen: слыш
 26318 | Orc:1    | epen: мне чё
 26530 | Orc:1    | epen: 15 брать?
 26532 | Orc:1    | namelastname112: ну а че нет
 26532 | Orc:1    | namelastname112: резисты есть
 26532 | Orc:1    | epen: а то резисты чё-то плачевные
 26532 | Orc:1    | namelastname112: томба у тебя старая
 26532 | Orc:1    | namelastname112: да ты охуел
 26568 | Orc:2    | epen: слыш
 26600 | Orc:2    | epen: а челенжи в старых версиях работют?
 26627 | Orc:2    | Found Zotwi's Antique Weapon Shop.
 26635 | Orc:2    | namelastname112: лол
 26635 | Orc:2    | namelastname112: ну да
 26644 | Orc:2    | Found Ucvetooxt's General Store.
 26659 | Orc:2    | Found Uroh Kem's Book Shop.
 26676 | Orc:2    | Found Disaeti's Antique Armour Shop.
 26811 | Orc:2    | Found a staircase to the Elven Halls.
 26870 | Orc:2    | Killed Rupert
 26870 | Orc:2    | Reached skill level 12 in Necromancy
 27596 | D:13     | Reached skill level 10 in Dodging
 27986 | D:15     | Entered Level 15 of the Dungeon
 28012 | D:15     | Found Reghuit's Magic Scroll Emporium.
 28017 | D:15     | Bought a scroll of acquirement for 832 gold pieces
 28279 | D:15     | Noticed Josephine
 28498 | D:15     | Killed Josephine
 28516 | D:15     | Reached skill level 10 in Fighting
 28562 | D:15     | Reached XP level 16. HP: 76/87 MP: 6/31
 28618 | D:15     | Found a staircase to the Depths.
 29020 | D:15     | Received a gift from Kikubaaqudgha
 29030 | D:15     | Learned a level 7 spell: Haunt
 29205 | Swamp:1  | Entered Level 1 of the Swamp
 29278 | Lair:1   | Learned a level 5 spell: Bolt of Draining
 30042 | Swamp:1  | Reached skill level 13 in Necromancy
 31327 | Swamp:3  | Noticed Bai Suzhen
 31444 | Swamp:3  | Noticed a thorn hunter
 31485 | Swamp:3  | Killed a thorn hunter
 31838 | Swamp:3  | Reached skill level 14 in Necromancy
 32256 | Swamp:4  | Entered Level 4 of the Swamp
 33382 | Swamp:4  | Paralysed by a hornet for 1 turns
 33520 | Swamp:3  | Reached skill level 15 in Necromancy
 34078 | Swamp:4  | Noticed a thorn hunter
 34110 | Swamp:4  | Killed a thorn hunter
 34195 | Swamp:4  | Reached XP level 17. HP: 88/91 MP: 31/34
 34282 | Swamp:4  | Got a decaying rune of Zot
 34788 | Lair:4   | Learned a level 8 spell: Infestation
 34840 | Snake:1  | Entered Level 1 of the Snake Pit
 34840 | Snake:1  | Noticed Roxanne
 34901 | Snake:1  | Reached skill level 16 in Necromancy
 35179 | Snake:1  | Gained mutation: Your spells are a little easier to cast, but a little less powerful. [mutagenic glow]
 35432 | Snake:1  | Found an iron altar of Okawaru.
 36386 | Snake:2  | Noticed Vashnia
 36513 | Snake:2  | Found Zogon's Gadget Shop.
 36514 | Snake:2  | Found Puodysk's Jewellery Shoppe.
 36515 | Snake:2  | Found Sylida's Gadget Shop.
 36680 | Snake:3  | Reached skill level 17 in Necromancy
 36926 | Snake:3  | Found Neakhylu's Magic Scroll Emporium.
 37332 | Snake:3  | Identified Barphi Pyce's Handbook of Mutagenic Feathers
 37364 | Snake:3  | Got a steaming golden ring
 37547 | Snake:3  | Identified the ring "Nupaod" {rElec rN+ SInv} (You found it on level 3 of the Snake Pit)
 37630 | Snake:4  | Entered Level 4 of the Snake Pit
 38136 | Snake:4  | Found Heceusy's Distillery.
 38144 | Snake:4  | Bought a potion of heal wounds for 70 gold pieces
 38305 | Snake:4  | Reached XP level 18. HP: 74/96 MP: 10/36
 38377 | Snake:4  | HP: 1/96 [nagaraja/orb of energy (33)]
 38378 | Snake:4  | Killed from afar by a nagaraja

Vault maps used:
D:1:      evilmike_arrival_plus
D:2:      first_bread
D:4:      serial_glass, glass_columns_a, glass_columns_a
D:5:      kennysheep_mini, uniq_grinder
D:6:      portal_sewer_entry_b, basic_altar
D:7:      minmay_temple_entry_trees, basic_altar, serial_shops,
          nicolae_shop_waterfront, the_bakery, grunt_decor_resistance
D:8:      grunt_decor_one_mirror, evilmike_ruin_ashenzari
D:9:      lemuel_doored_altar, grunt_temple_overflow_open
D:10:     lair_entry_dummy, orc_0_dummy, kennysheep_generic_room_13
D:11:     minmay_three_doors, uniq_nergalle
D:12:     gammafunk_beogh_shrine, portal_ice_cave_entry_imps, basic_altar,
          lemuel_centaur_altar
D:13:     minmay_rotating_lava
D:14:     hangedman_vaults_entry_quadrant_bands, basic_altar,
          kennysheep_generic_room_12
D:15:     grunt_enter_depths_snipers, serial_shops, shop_fountains,
          nicolae_twisting_strands, uniq_josephine
Temple:   dpeg_five_rooms_temple
Lair:2:   minmay_snake_entry_guardpost_medium, minmay_holes, wad_woods_river_01
Lair:4:   minmay_swamp_entry_worms
Lair:5:   st_stairs_5
Lair:6:   wormcave, guppyfry_lair_end_dragon, minmay_slime_entry_oklob_enclosed,
          basic_altar
Swamp:1:  evilmike_swamp_ruin_house_5, swamp_pool3,
          nicolae_swamp_very_dense_foliage
Swamp:2:  hangedman_swamp_cone
Swamp:3:  evilmike_swamp_ruin_rubble_1, swamp_pool2, uniq_bai_suzhen
Swamp:4:  swamp_basic_johnstein, swamp_pool1
Snake:1:  basic_altar, guppyfry_library_mini, lemuel_fruit_tree, uniq_roxanne
Snake:2:  grunt_megastairs_1, serial_bayou_shore_b, minmay_shop_grove,
          uniq_vashnia
Snake:3:  serial_shops, shop, library_closet
Snake:4:  grunt_snake_rune_pools, serial_shops, shop
Orc:1:    nicolae_orc_lava_tube
Orc:2:    grunt_orc_cross, uniq_rupert
IceCv:    ice_cave_small_necro

Skill      XL: |  1  2  3  4  5  6  7  8  9 10 11 12 13 14 15 16 17 |
---------------+----------------------------------------------------+-----
Short Blades   | 3 4 5 6 7 8 9 10 11 12 | 12.0
Stealth        | 5 6 7 9 10 | 10.1
Dodging        | 2 3 4 5 6 7 8 9 10 | 10.2
Throwing       | 3 4 5 |  5.9
Fighting       | 3 4 5 6 7 8 9 10 | 10.0
Armour         | 1 2 4 5 6 7 8 9 10 | 10.5
Evocations     | 1 2 3 |  3.4
Spellcasting   | 2 4 6 8 9 10 12 13 | 13.3
Necromancy     | 3 5 8 9 11 12 15 17 | 17.9
Shields        | 1 5 7 8 |  8.3

Action                   |  1- 3 |  4- 6 |  7- 9 | 10-12 | 13-15 | 16-18 || total
-------------------------+-------+-------+-------+-------+-------+-------++-------
Melee: Dagger            |    45 |   171 |   483 |   853 |  2141 |  1177 ||  4870
       Kick              |    11 |    53 |   172 |   345 |   846 |   389 ||  1816
       Peck              |     7 |    33 |   107 |   225 |   544 |   293 ||  1209
       Unarmed           |       |       |       |    14 |       |       ||    14
 Fire: Blowgun           |       |       |     8 |    17 |       |       ||    25
Throw: Throwing net      |       |       |       |     1 |     2 |       ||     3
 Cast: Regeneration      |       |       |       |     6 |    29 |    65 ||   100
       Vampiric Draining |       |       |       |     6 |   120 |    86 ||   212
       Animate Skeleton  |       |       |       |     6 |    53 |    18 ||    77
       Dispel Undead     |       |       |       |     6 |    15 |    28 ||    49
       Animate Dead      |       |       |       |     2 |    43 |    42 ||    87
       Infestation       |       |       |       |       |       |    11 ||    11
Invok: Receive Corpses   |       |       |       |       |     1 |     4 ||     5
       Receive Necronomi |       |       |       |       |       |     1 ||     1
 Abil: Fly               |       |       |       |     4 |     6 |       ||    10
Evoke: Wand              |       |       |     1 |     3 |    12 |     4 ||    20
  Use: Potion            |       |     2 |       |    10 |     2 |     5 ||    19
       Scroll            |       |       |    12 |     9 |    12 |    13 ||    46
 Stab: Sleeping          |     4 |    10 |    27 |    28 |    28 |    21 ||   118
       Distracted        |       |       |     4 |     2 |    17 |    10 ||    33
       Paralysed         |       |       |     1 |     1 |       |       ||     2
       Held in net/web   |       |       |       |     2 |     2 |       ||     4
       Invisible         |       |       |       |       |     6 |       ||     6
  Eat: Chunk             |       |     7 |    12 |    11 |    35 |    13 ||    78
       Royal jelly       |       |     1 |       |       |     1 |       ||     2
       Meat ration       |       |       |     1 |     3 |     3 |     7 ||    14
Armor: Robe              |    18 |     8 |       |       |       |       ||    26
       Leather armour    |       |    15 |    85 |   131 |       |       ||   231
       Skin              |       |       |       |     3 |       |       ||     3
       Troll leather arm |       |       |       |    20 |    23 |       ||    43
       Ring mail         |       |       |       |       |   165 |   213 ||   378
       Scale mail        |       |       |       |       |     1 |       ||     1
Dodge: Dodged            |    38 |    63 |   204 |   389 |   645 |   559 ||  1898
Block: Other             |       |       |       |   117 |       |       ||   117
       Reflection        |       |       |       |    12 |     9 |    34 ||    55
       Buckler           |       |       |       |     6 |  1018 |   732 ||  1756
